 Dungeon Crawl Stone Soup version 0.28-b1-25-g9875b3fc8c (webtiles) character file.

Game seed: 8772854678885349592

1729 growler the Zephyrmancer (level 9, -13/45 HPs)
             Began as a Tengu Air Elementalist on Feb 1, 2022.
             Was an Initiate of Vehumet.
             Mangled by a boulder beetle (58 damage)
             ... on level 7 of the Dungeon.
             The game lasted 00:13:14 (5949 turns).

growler the Zephyrmancer (Tengu Air Elementalist)   Turns: 5949, Time: 00:13:15

Health: -13/45     AC:  4    Str:  8    XL:     9   Next: 5%
Magic:  9/17       EV: 14    Int: 21    God:    Vehumet [......]
Gold:   200        SH:  0    Dex: 14    Spells: 8/18 levels left

rFire   . . .      SeeInvis .   y - +3 rapier "Fetra" {vamp, rCorr Stlth+}
rCold   . . .      Faith    .   (no shield)
rNeg    . . .      Spirit   .   a - +0 robe
rPois   .          Reflect  .   (helmet restricted)
rElec   .          Harm     .   n - +1 cloak
rCorr   +          Rampage  .   (no gloves)
Will    .....                   (boots unavailable)
Stlth   +++.......              e - amulet of magic regeneration
HPRegen 0.15/turn               (no ring)
MPRegen 0.55/turn               (no ring)

@: flying quickly and evasively, quick
A: beak, talons 3, nimble flight
a: Renounce Religion


You were on level 7 of the Dungeon.
You worshipped Vehumet.
Vehumet was noncommittal.
You visited 2 branches of the dungeon, and saw 8 of its levels.

You collected 200 gold pieces.

Inventory:

Hand Weapons
 y - the +3 rapier "Fetra" (weapon) {vamp, rCorr Stlth+}
   (You found it on level 2 of the Dungeon)

   It occasionally heals its wielder for a portion of the damage dealt when it
   wounds a living foe.
   rCorr:     It protects you from acid and corrosion.
   Stlth:     It makes you more stealthy.
Armour
 a - a +0 robe (worn)
 n - a +1 cloak (worn)
   (You found it on level 4 of the Dungeon)
Jewellery
 e - an amulet of magic regeneration (around neck)
   (You found it on level 1 of the Dungeon)
 g - a ring of resist corrosion
   (You found it on level 2 of the Dungeon)
 q - a ring of ice
   (You found it on level 5 of the Dungeon)
Wands
 d - a wand of iceblast (10)
   (You found it on level 6 of the Dungeon)
 u - a wand of paralysis (7)
   (You took it off Ijyb on level 3 of the Dungeon)
Scrolls
 b - a scroll of immolation {unknown}
 c - a scroll of enchant armour
 h - a scroll of fear
 i - a scroll of noise {unknown}
 k - a scroll of fog {unknown}
 o - a scroll of enchant weapon {unknown}
 p - a scroll of identify {unknown}
 s - a scroll of amnesia {unknown}
 t - a scroll of blinking {unknown}
 w - a scroll of vulnerability {unknown}
Potions
 f - 2 potions of magic {unknown}
 j - 2 potions of haste {unknown}
 l - 4 potions of degeneration {unknown}
 m - a potion of curing {unknown}
 r - a potion of lignification {unknown}
 v - a potion of attraction {unknown}
 x - a potion of mutation {unknown}


   Skills:
 - Level 2.1 Dodging
 - Level 2.0 Stealth
 - Level 5.0 Spellcasting
 - Level 9.0 Conjurations
 + Level 10.5 Air Magic


You had 8 spell levels left.
You knew the following spells:

 Your Spells              Type           Power      Damage    Failure   Level
a - Shock                 Conj/Air       100%       1d9       1%          1
b - Airstrike             Air            24%        N/A       1%          4
d - Static Discharge      Conj/Air       46%        N/A       1%          2
s - Swiftness             Air            49%        N/A       1%          3

Your spell library contained the following spells:

 Spells                   Type           Power      Damage    Failure   Level


Dungeon Overview and Level Annotations

Branches:
Dungeon (7/15)             Temple (1/1) D:7

Altars:
Cheibriados
Dithmenos
Elyvilon
Fedhas
Gozag
Hepliaklqana
Kikubaaqudgha
Makhleb
Nemelex Xobeh
Ru
Sif Muna
Trog
Uskayaw
Vehumet
Xom
Yredelemnul
Zin
The Shining One

Shops:
D:5 =

Annotations:
D:4 Sigmund
D:6 2 runed translucent doors, Dormantt's ghost, novice DEFE
D:7 exclusion: boulder beetle


Innate Abilities, Weirdness & Mutations

You have a beak for a mouth.
You have claws for feet.
Your magical nature lets you fly swiftly and evasively.


Message History

A centaur zombie comes into view.
There is an open door here.
A centaur zombie is nearby!
Aim: a centaur zombie (dormant, empty space bonus: 4/8)
The air twists around and strikes the centaur zombie!
Aim: a centaur zombie (heavily damaged, empty space bonus: 7/8)
The air twists around and strikes the centaur zombie!
Aim: a centaur zombie (almost destroyed, empty space bonus: 8/8)
The air twists around and strikes the centaur zombie!!
You destroy the centaur zombie!
Vehumet accepts your kill.
A shadow imp comes into view.
The shadow imp shouts, "Go and return not, thou frothy hen-pecked simpleton!"
Aim: a shadow imp (empty space bonus: 3/8)
The air twists around and strikes the shadow imp!
You kill the shadow imp!
Vehumet accepts your kill.
Your Air Magic skill increases to level 10!
Found 9 gold pieces.
Found 13 bolts and 20 gold pieces.
You now have 180 gold pieces (gained 9).
You now have 200 gold pieces (gained 20).
A water moccasin comes into view.
Aim: an orc, wielding a +0 mace (asleep, empty space bonus: 4/8)
The air twists around and strikes the orc!
You kill the orc!
Vehumet accepts your kill.
Aim: a water moccasin (asleep, empty space bonus: 3/8)
The air twists around and strikes the water moccasin!
Aim: a water moccasin (moderately wounded, empty space bonus: 7/8)
The air twists around and strikes the water moccasin!
Aim: a water moccasin (almost dead, empty space bonus: 6/8)
The air twists around and strikes the water moccasin!
You kill the water moccasin!
Vehumet accepts your kill.
You have reached level 9!
Your experience leads to an increase in your attributes!
Increase (S)trength, (I)ntelligence, or (D)exterity?
You feel clever. x2
A boulder beetle is nearby!
Aim: a boulder beetle (wandering, hasn't noticed you, empty space bonus: 4/8)
The air twists around and strikes the boulder beetle!
Aim: a boulder beetle (lightly wounded, empty space bonus: 6/8)
The air twists around and strikes the boulder beetle.
Aim: a boulder beetle (lightly wounded, empty space bonus: 5/8)
The air twists around and strikes the boulder beetle!
The boulder beetle curls into a ball and begins rolling!
The boulder beetle hits you!!!
Ouch! That really hurt!
You die...

............... +......
#.# #...... #.#####.#
##..... #......°# .#
##.... #.####.°# .# ##...
#.°# .# ##'# #.○# # .#
#.# #..###.B##.####.# #.#
#.....(.@....... ##.#
##.####.##.###.#######...
#.##...............
#.######.###.###...
#........# #.# #..#
########## #.# #...
#.###### #.......
########


You could see a boulder beetle (rolling).

Vanquished Creatures
  3 water moccasins
  An orc warrior (D:4)
  A black bear (D:6)
  A sky beast (D:4)
  An ogre (D:5)
  A phantom (D:6)
  2 bullfrogs
  5 scorpions
  A water moccasin skeleton (D:5)
  A centaur zombie (D:7)
  An orc priest (D:7)
  A centaur skeleton (D:6)
  A jelly (D:6)
  3 bullfrog skeletons
  Terence (D:2)
  Ijyb (D:3)
  3 iguanas
  An orc wizard (D:6)
  4 adders
  2 shadow imps
  2 white imps (D:7)
  3 worms
  2 dart slugs
  11 orcs
  12 ball pythons
  9 endoplasms
  3 giant cockroaches
  5 goblins
  8 hobgoblins
  11 kobolds
  3 quokkas
  4 bats
  2 frilled lizards (D:1)
  8 rats
118 creatures vanquished.

Notes
Turn   | Place    | Note
-------+----------+-------------------------------------------
     0 | D:1      | growler the Tengu Air Elementalist began the quest for the
                  | Orb.
     0 | D:1      | Reached XP level 1. HP: 10/10 MP: 4/4
   244 | D:1      | Reached XP level 2. HP: 15/15 MP: 1/6
   375 | D:1      | Reached XP level 3. HP: 19/19 MP: 5/7
   459 | D:1      | Found a faded altar of an unknown god.
   870 | D:1      | Learned a level 2 spell: Static Discharge
   874 | D:1      | Learned a level 3 spell: Swiftness
   956 | D:2      | Identified the +3 rapier "Fetra" {vamp, rCorr Stlth+}
  1120 | D:2      | Noticed Terence
  1173 | D:2      | Killed Terence
  1174 | D:2      | Reached skill level 5 in Air Magic
  1174 | D:2      | Reached XP level 4. HP: 3/24 MP: 5/9
  1937 | D:3      | Noticed a bullfrog
  1946 | D:3      | Killed a bullfrog
  1947 | D:3      | Gained mutation: Your magical nature lets you fly swiftly
                  | and evasively. [Tengu growth]
  1947 | D:3      | Reached XP level 5. HP: 8/28 MP: 2/10
  2170 | D:3      | Learned a level 4 spell: Airstrike
  2327 | D:3      | Noticed Ijyb
  2329 | D:3      | Paralysed by Ijyb for 3 turns
  2334 | D:3      | Killed Ijyb
  2862 | D:4      | Reached XP level 6. HP: 30/32 MP: 9/12
  3038 | D:4      | Reached skill level 6 in Air Magic
  3146 | D:4      | Reached skill level 5 in Conjurations
  3282 | D:4      | Noticed a sky beast
  3304 | D:4      | Killed a sky beast
  3305 | D:4      | Reached XP level 7. HP: 36/36 MP: 2/14
  3452 | D:4      | Reached skill level 7 in Air Magic
  3524 | D:4      | Noticed Sigmund
  3799 | D:5      | Entered Level 5 of the Dungeon
  4162 | D:5      | Reached skill level 5 in Spellcasting
  4162 | D:5      | Reached XP level 8. HP: 41/41 MP: 4/16
  4453 | D:5      | Reached skill level 8 in Air Magic
  4630 | D:5      | Found Ylyov's Jewellery Boutique.
  4996 | D:6      | Found a runed translucent door.
  5054 | D:6      | Reached skill level 9 in Air Magic
  5203 | D:6      | Noticed Dormantt's ghost (novice DEFE)
  5511 | D:6      | Found a runed translucent door.
  5585 | D:7      | Found an ancient bone altar of Kikubaaqudgha.
  5732 | D:7      | Noticed a boulder beetle
  5756 | D:7      | Found a staircase to the Ecumenical Temple.
  5768 | Temple   | Entered the Ecumenical Temple
  5812 | Temple   | Became a worshipper of Vehumet
  5863 | D:7      | Reached skill level 10 in Air Magic
  5915 | D:7      | Reached XP level 9. HP: 45/45 MP: 2/17
  5949 | D:7      | Mangled by a boulder beetle

Illustrated notes

Levels and vault maps discovered:
D:1:      lemuel_arrival_funnel, layout_basic, nicolae_ecumenical_snake_handling
D:2:      layout_rooms, serial_rivers, chequers_serial_rivers_large_b,
          chequers_serial_rivers_large_a, chequers_serial_rivers_small_a,
          chequers_serial_rivers_micro_d, chequers_serial_rivers_room_b,
          chequers_serial_rivers_micro_b, uniq_terence
D:3:      layout_basic, uniq_ijyb
D:4:      layout_loops_ring, grunt_ministairs_2, eino_curves_03,
          minmay_ruptured, uniq_sigmund
D:5:      layout_loops_ring, serial_shops, shop, item_on_display_a
D:6:      layout_layer_cave, ebering_ghost_sewer_f, hangedman_decor_peaks_small
D:7:      layout_loops_corners, nicolae_kikubaaqudgha_miasma_corner,
          minmay_temple_entry_proselytizer, columned_hall_lemuel
Temple:   dpeg_three_leaves_temple

Skill      XL: |  1  2  3  4  5  6  7  8 |
---------------+-------------------------+-----
Conjurations   | 2 3 4 5 6 9 |  9.0
Air Magic      | 5 6 7 10 | 10.5
Spellcasting   | 3 4 5 |  5.0
Dodging        | |  2.1
Stealth        | |  2.0

Action                   |  1- 3 |  4- 6 |  7- 9 || total
-------------------------+-------+-------+-------++-------
Melee: Unarmed           |     6 |       |       ||     6
       Kick              |     2 |       |       ||     2
       Peck              |     2 |       |       ||     2
       Rapier            |       |       |     1 ||     1
 Cast: Shock             |    80 |    80 |    56 ||   216
       Static Discharge  |     4 |    16 |    17 ||    37
       Airstrike         |       |     3 |    43 ||    46
  Use: Scroll            |       |       |     2 ||     2
Armor: Robe              |       |     2 |     2 ||     4
Dodge: Dodged            |    15 |     7 |    15 ||    37
